 Dungeon Crawl Stone Soup version 0.28.0-47-ge53b351184 (webtiles) character file.

Game seed: 12649483217070061937

2 101zpm the Magician (level 1, -4/15 HPs)
             Began as a Djinni Ice Elementalist on Apr 26, 2022.
             Slain by a scorpion (8 damage)
             ... on level 3 of the Dungeon.
             The game lasted 00:00:31 (299 turns).

101zpm the Magician (Djinni Ice Elementalist)        Turns: 299, Time: 00:00:31

Health: -4/15      AC:  2    Str:  7    XL:     1   Next: 44%
Gold:   0          EV: 12    Int: 16    God:
                   SH:  0    Dex: 13

rFire   + + .      SeeInvis .   (no weapon)
rCold   x . .      Faith    .   (no shield)
rNeg    . . .      Spirit   .   a - +0 robe
rPois   ∞          Reflect  .   (no helmet)
rElec   .          Harm     .   (no cloak)
rCorr   .          Rampage  .   (no gloves)
Will    .....                   (boots unavailable)
Stlth   ++........              (no amulet)
HPRegen 0.05/turn               (no ring)
MPRegen 0.00/turn               (no ring)

@: flying
A: sickness immunity, fire resistance 2, cold vulnerability 1, float, innate
caster, HP casting, extra vitality 1
a: no special abilities


You were on level 3 of the Dungeon.
You visited 1 branch of the dungeon, and saw 3 of its levels.

Inventory:

Armour
 a - a +0 robe (worn)
Scrolls
 b - a scroll of summoning {unknown}
 c - a scroll of amnesia {unknown}


   Skills:
 + Level 2.2 Dodging
 + Level 1.5 Stealth
 + Level 3.3 Spellcasting


You couldn't memorise any spells.
You knew the following spells:

 Your Spells              Type           Power      Damage    Failure   Level
a - Freeze                Ice            52%        1d7       4%          1
b - Frozen Ramparts       Ice            26%        1d4       14%         3
c - Ozocubu's Armour      Ice            13%        N/A       14%         3
d - Hailstorm             Conj/Ice       13%        3d5       41%         4
Your spell library was empty.

Dungeon Overview and Level Annotations

Branches:
Dungeon (3/15)

Altars:


Innate Abilities, Weirdness & Mutations

You are immune to sickness and miasma.
You are immune to poison.
Your flesh is very heat resistant. (rF++)
You are vulnerable to cold. (rC-)
You float through the air rather than walking.
You learn spells naturally, not from books.
Your magical power is your life essence.
You have superior vitality. (+4 MHP)


Message History

There is a stone staircase leading down here.
You fly downwards.
There is a stone staircase leading up here.
Sorry, I don't know how to get there.
HP restored.
Found 13 stones.
You see here 13 stones.
A ball python comes into view.
You freeze the ball python.
You kill the ball python!
A bat comes into view.
The bat misses you.
You freeze the bat.
You kill the bat!
b - a scroll labelled MOLEDIM OLYUKK
c - a scroll labelled RINEGOJAESH A scorpion comes into view.
Casting: Freeze (safe; 4% risk of failure)
Confirm with . or Enter, or press ? or * to list all spells.
You aren't experienced enough to cast this spell.
You freeze the scorpion.
The scorpion is lightly wounded.
The scorpion stings you!
Ouch! That really hurt!
You are too injured to fight recklessly!
Aiming: Freeze (safe; 4% risk of failure)
Press: ? - help, Q - select action Shift-Dir - straight line, f/p - scorpion
Aim: a scorpion (lightly wounded)
You freeze the scorpion.
The scorpion is moderately wounded.
The scorpion barely misses you. The scorpion closely misses you.
Aiming: Freeze (safe; 4% risk of failure)
Press: ? - help, Q - select action Shift-Dir - straight line, f/p - scorpion
Aim: a scorpion (moderately wounded)
You freeze the scorpion.
The scorpion is heavily wounded.
* * * LOW HITPOINT WARNING * * *
The scorpion stings you!
Ouch! That really hurt!
You die...

#.#.# #.#.# #.#.#
#.# #.#.#.# #.#.#
#.#.#
#.#.####.###.#.#..
#.#.# #.#.#
#.#..........#.#.#
#.#.# #.#.#
#.######.#####.###
#.#.###.#.# #.#
...# #.#..
#.#.....#.# #.#
##########.#.#
#.#######.# #.#
#..........#..
#.........# #.#
#.############
########### #@#
#.............
#.s.#.############
#.###.# ### ###


You could see a scorpion.

Vanquished Creatures
  A ball python (D:3)
  2 bats
3 creatures vanquished.

Notes
Turn   | Place    | Note
-------+----------+-------------------------------------------
     0 | D:1      | 101zpm the Djinni Ice Elementalist began the quest for the
                  | Orb.
     0 | D:1      | Reached XP level 1. HP: 15/15 MP: 0/0
   296 | D:3      | Noticed a scorpion
   299 | D:3      | Slain by a scorpion

Illustrated notes

Levels and vault maps discovered:
D:1:      scummos_arrival_simple_fountains, layout_loops_ring, serial_shops,
          shop
D:2:      layout_loops_corners, basic_altar,
          shapermc_ecumenical_altar_acropolis, st_stairs_2, uniq_natasha
D:3:      layout_basic, vehumet_crystals, minitemple, kennysheep_generic_room_4

Action                   || total
-------------------------++-------
 Cast: Freeze            ||     6
Dodge: Dodged            ||     3
